Boston Bruins vs Vancouver Canucks
Created - Thursday, August 28, 2025 at 07:41
Goals
|
| Boston Bruins |
0 |
1 |
1 |
2 |
| Vancouver Canucks |
1 |
0 |
2 |
3 |
|
Shots
|
| Boston Bruins |
7 |
13 |
12 |
32 |
| Vancouver Canucks |
13 |
10 |
11 |
34 |
|
1st period
1. Vancouver Canucks , Clayton Keller 9 (Mikko Rantanen 14) at 11:22
Penalties :
Mark Kastelic (BOS) for Holding (Minor) at 11:25
2nd period
2. Boston Bruins , Maxim Tsyplakov 8 (Ryan Strome 14, Jaden Schwartz 16) at 1:59 (PP)
Penalties :
Emil Martinsen Lilleberg (VAN) for Hooking (Minor) at 1:23, Ryan Strome (BOS) for Interference (Minor) at 9:12, Joel Farabee (BOS) for Diving (Minor) at 19:32
3rd period
3. Boston Bruins , John Marino 3 (Sam Colangelo 4, Taylor Raddysh 5) at 6:41
4. Vancouver Canucks , Casey Mittelstadt 7 (Matias Maccelli 7, Brett Leason 5) at 7:39
5. Vancouver Canucks , Jesperi Kotkaniemi 5 (Miro Heiskanen 8, Clayton Keller 13) at 17:08
Penalties :
Maxim Tsyplakov (BOS) for Tripping (Minor) at 3:10, Ryan McDonagh (VAN) for Holding (Minor) at 3:36, Sean Couturier (VAN) for Holding (Minor) at 9:16, Mark Kastelic (BOS) for Tripping (Minor) at 18:42
Goalie Stats
Leevi Merilainen (BOS), 31 saves from 34 shots - (0.912), L, 3-3-1, 60:00 minutes
Justus Annunen (VAN), 30 saves from 32 shots - (0.938), W, 5-3-0, 60:00 minutes
Players Stats for Boston Bruins
Player Name G A P +/- PIM S H SB GA TA FO MP PP MP PK MP
------------------------------------------------------------------------------------
Alex Laferriere 0 0 0 -1 0 2 3 1 0 1 0/0 19:21 1:51 3:57
Beck Malenstyn 0 0 0 1 0 1 0 1 2 0 1/2 9:49 0:00 0:00
Jaden Schwartz 0 1 1 -1 0 3 1 0 0 0 8/25 19:14 1:51 3:49
Jani Nyman 0 0 0 0 0 4 3 0 0 0 0/2 14:09 1:10 0:57
Joel Farabee 0 0 0 0 2 1 0 0 0 0 1/7 11:56 0:00 0:03
John Marino 1 0 1 1 0 3 0 1 0 1 0/0 22:15 1:21 3:47
Mark Kastelic 0 0 0 -2 4 1 1 0 0 0 7/14 13:23 0:00 0:09
Maxim Tsyplakov 1 0 1 -2 2 2 1 0 0 1 1/1 14:43 1:27 0:00
Rasmus Sandin 0 0 0 1 0 1 0 1 0 0 0/0 22:15 1:21 3:47
Ryan Strome 0 1 1 -1 2 2 1 0 0 0 0/1 17:50 1:34 2:45
Sam Colangelo 0 1 1 1 0 1 3 0 0 0 0/1 9:49 0:00 0:00
Samuel Girard 0 0 0 -2 0 3 2 2 0 0 0/0 24:00 1:40 3:23
Taylor Raddysh 0 1 1 1 0 1 2 0 0 0 0/0 9:49 0:00 0:00
Ty Emberson 0 0 0 -2 0 0 2 1 0 0 0/0 24:00 1:40 3:23
Urho Vaakanainen 0 0 0 -1 0 2 0 0 0 0 0/0 13:45 0:00 0:30
Victor Mancini 0 0 0 -1 0 1 0 1 0 0 0/0 13:45 0:00 0:30
Viktor Arvidsson 0 0 0 0 0 2 0 0 0 0 0/0 11:45 0:00 0:00
Vladimir Tarasenko 0 0 0 -2 0 2 1 0 0 2 0/1 18:54 1:10 3:40
Players Stats for Vancouver Canucks
Player Name G A P +/- PIM S H SB GA TA FO MP PP MP PK MP
------------------------------------------------------------------------------------
Aleksander Barkov 0 0 0 1 0 0 3 1 0 0 18/29 21:06 3:21 1:17
Anton Lundell 0 0 0 0 0 1 2 0 0 1 3/5 12:54 0:00 1:32
Artturi Lehkonen 0 0 0 0 0 1 2 1 2 0 0/0 18:20 4:17 1:19
Bobby McMann 0 0 0 0 0 2 1 1 0 0 0/1 11:28 0:02 0:00
Brett Leason 0 1 1 1 0 0 2 2 0 0 0/0 10:05 0:00 1:29
Casey Mittelstadt 1 0 1 1 0 3 0 0 0 0 7/7 12:42 4:17 0:10
Clayton Keller 1 1 2 1 0 3 1 0 0 0 1/3 19:34 3:21 0:02
Emil Martinsen Lilleberg 0 0 0 1 2 1 0 1 0 1 0/0 15:24 0:08 0:17
Jake Bean 0 0 0 -1 0 0 1 6 0 0 0/0 13:13 0:00 0:00
Jesperi Kotkaniemi 1 0 1 0 0 4 1 1 0 0 0/0 12:15 0:07 0:13
Joel Hanley 0 0 0 1 0 0 2 2 0 0 0/0 20:23 2:53 1:27
Matias Maccelli 0 1 1 1 0 2 0 0 0 0 1/1 8:42 0:02 0:00
Mikko Rantanen 0 1 1 1 0 3 1 0 0 0 1/1 19:49 3:21 0:00
Miro Heiskanen 0 1 1 2 0 6 0 0 0 0 0/0 27:18 4:39 1:26
Noah Hanifin 0 0 0 2 0 4 0 6 1 0 0/0 25:55 4:33 1:34
Ryan McDonagh 0 0 0 -1 2 1 2 0 0 0 0/0 17:57 3:06 1:18
Sean Couturier 0 0 0 0 2 3 0 0 1 0 3/4 12:05 0:00 0:00
Ty Dellandrea 0 0 0 0 0 0 1 0 1 0 2/3 16:13 4:12 0:00
3 Stars
1 - Clayton Keller (VAN)
2 - Casey Mittelstadt (VAN)
3 - Justus Annunen (VAN)
Power Play
Boston Bruins - 1 on 3 Attempt(s) - 33.33%
Vancouver Canucks - 0 on 5 Attempt(s) - 0.00%
Penalty Kill
Boston Bruins - 5 on 5 Attempt(s) - 100.00%
- Score 0 goal in Penalty Kill
Vancouver Canucks - 2 on 3 Attempt(s) - 66.67%
- Score 0 goal in Penalty Kill
Team Stat
Boston Bruins - Hits : 20 - Faceoff Wins : 18 - Blocked Shots : 8 - Penalty Minutes : 10
Vancouver Canucks - Hits : 19 - Faceoff Wins : 36 - Blocked Shots : 21 - Penalty Minutes : 6
Official
Referees : Chris Lee and Mitch Dunning
Linesman : Mitchell Hunt and Travis Gawryletz
Game Notes
No Game Note
Finance
Level 1 -- Attendance: 4254 (70.90%) -- Ticket Income $421,146
Level 2 -- Attendance: 3511 (70.22%) -- Ticket Income $207,149
Level 3 -- Attendance: 2453 (81.77%) -- Ticket Income $83,402
Level 4 -- Attendance: 3431 (68.62%) -- Ticket Income $82,344
Luxury Box -- Attendance: 697 (69.70%) -- Ticket Income $138,703
Game was played at the Rogers Arena.
Total Attendance: 14346 (71.73%)
Total Ticket Income: $932,744
Other Income: $326,460
Total Income: $1,259,204
Boston Bruins
5 vs 5 Forward
Center Left Wing Right Wing Time % Phy DF OF
1 Jaden Schwartz Alex Laferriere Ryan Strome 30 1 2 2
2 Mark Kastelic Vladimir Tarasenko Maxim Tsyplakov 30 1 2 2
3 Joel Farabee Viktor Arvidsson Jani Nyman 25 1 2 2
4 Beck Malenstyn Sam Colangelo Taylor Raddysh 15 1 2 2
5 vs 5 Defense
Defense Defense Time % Phy DF OF
1 Samuel Girard Ty Emberson 35 1 2 2
2 Rasmus Sandin John Marino 35 1 2 2
3 Urho Vaakanainen Victor Mancini 30 1 2 2
4 Samuel Girard Ty Emberson 0 1 2 2
PowerPlay Forward
Center Left Wing Right Wing Time % Phy DF OF
1 Jaden Schwartz Alex Laferriere Ryan Strome 50 1 2 2
2 Jani Nyman Vladimir Tarasenko Maxim Tsyplakov 50 1 2 2
PowerPlay Defense
Defense Defense Time % Phy DF OF
1 Samuel Girard Ty Emberson 50 1 2 2
2 Rasmus Sandin John Marino 50 1 2 2
Penalty Kill 4 Players Forward
Center Wing Time % Phy DF OF
1 Jaden Schwartz Alex Laferriere 50 1 2 2
2 Ryan Strome Vladimir Tarasenko 50 1 2 2
Penalty Kill 4 Players Defense
Defense Defense Time % Phy DF OF
1 Samuel Girard Ty Emberson 50 1 2 2
2 Rasmus Sandin John Marino 50 1 2 2
Penalty Kill - 3 Players Forward
Forward Time % Phy DF OF
1 Jaden Schwartz 50 1 2 2
2 Alex Laferriere 50 1 2 2
Penalty Kill - 3 Players Defense
Defense Defense Time % Phy DF OF
1 Samuel Girard Ty Emberson 50 1 2 2
2 Rasmus Sandin John Marino 50 1 2 2
4 vs 4 Forward
Center Wing Time % Phy DF OF
1 Jaden Schwartz Alex Laferriere 50 1 2 2
2 Ryan Strome Vladimir Tarasenko 50 1 2 2
4 vs 4 Defense
Defense Defense Time % Phy DF OF
1 Samuel Girard Ty Emberson 50 1 2 2
2 Rasmus Sandin John Marino 50 1 2 2
Last Minutes Offensive
Center Left Wing Right Wing Defense Defense
Jaden Schwartz Alex Laferriere Ryan Strome Samuel Girard Ty Emberson
Last Minutes Defensive
Center Left Wing Right Wing Defense Defense
Jaden Schwartz Alex Laferriere Ryan Strome Samuel Girard Ty Emberson
Goaltenders
Starting : Leevi Merilainen
Backup : Petr Mrazek
Extra Forwards
Normal : Beck Malenstyn, Sam Colangelo, Jani Nyman - PP : Beck Malenstyn, Sam Colangelo - PK : Jani Nyman
Extra Defensemen
Normal : Urho Vaakanainen, Samuel Girard, Rasmus Sandin - PP : Urho Vaakanainen - PK : Ty Emberson, Rasmus Sandin
Penalty Shots
Jaden Schwartz, Alex Laferriere, Ryan Strome, Vladimir Tarasenko, Maxim Tsyplakov
Scratches
Aatu Raty (Healthy), Adam Wilsby (Strained Left Elbow Injury), Fabian Lysell (Healthy), Sam Morton (Healthy), Jakob Pelletier (Healthy)
Vancouver Canucks
5 vs 5 Forward
Center Left Wing Right Wing Time % Phy DF OF
1 Aleksander Barkov Clayton Keller Mikko Rantanen 37 1 1 3
2 Sean Couturier Ty Dellandrea Artturi Lehkonen 28 1 2 2
3 Anton Lundell Jesperi Kotkaniemi Bobby McMann 21 1 2 2
4 Casey Mittelstadt Brett Leason Matias Maccelli 14 1 3 1
5 vs 5 Defense
Defense Defense Time % Phy DF OF
1 Noah Hanifin Miro Heiskanen 30 1 2 2
2 Emil Martinsen Lilleberg Joel Hanley 30 1 2 2
3 Jake Bean Ryan McDonagh 25 1 2 2
4 Noah Hanifin Miro Heiskanen 15 1 2 2
PowerPlay Forward
Center Left Wing Right Wing Time % Phy DF OF
1 Aleksander Barkov Clayton Keller Mikko Rantanen 50 0 1 4
2 Casey Mittelstadt Ty Dellandrea Artturi Lehkonen 50 0 1 4
PowerPlay Defense
Defense Defense Time % Phy DF OF
1 Noah Hanifin Miro Heiskanen 50 0 1 4
2 Ryan McDonagh Joel Hanley 50 0 1 4
Penalty Kill 4 Players Forward
Center Wing Time % Phy DF OF
1 Anton Lundell Brett Leason 50 1 2 2
2 Aleksander Barkov Artturi Lehkonen 50 1 2 2
Penalty Kill 4 Players Defense
Defense Defense Time % Phy DF OF
1 Ryan McDonagh Joel Hanley 50 1 2 2
2 Noah Hanifin Miro Heiskanen 50 1 2 2
Penalty Kill - 3 Players Forward
Forward Time % Phy DF OF
1 Anton Lundell 50 1 2 2
2 Brett Leason 50 1 2 2
Penalty Kill - 3 Players Defense
Defense Defense Time % Phy DF OF
1 Ryan McDonagh Joel Hanley 50 1 2 2
2 Noah Hanifin Miro Heiskanen 50 1 2 2
4 vs 4 Forward
Center Wing Time % Phy DF OF
1 Aleksander Barkov Mikko Rantanen 50 1 2 2
2 Clayton Keller Artturi Lehkonen 50 1 2 2
4 vs 4 Defense
Defense Defense Time % Phy DF OF
1 Noah Hanifin Miro Heiskanen 50 1 2 2
2 Ryan McDonagh Joel Hanley 50 1 2 2
Last Minutes Offensive
Center Left Wing Right Wing Defense Defense
Aleksander Barkov Clayton Keller Mikko Rantanen Noah Hanifin Miro Heiskanen
Last Minutes Defensive
Center Left Wing Right Wing Defense Defense
Anton Lundell Artturi Lehkonen Brett Leason Ryan McDonagh Joel Hanley
Goaltenders
Starting : Justus Annunen
Backup : Cam Talbot
Extra Forwards
Normal : Mikko Rantanen, Artturi Lehkonen, Clayton Keller - PP : Mikko Rantanen, Clayton Keller - PK : Anton Lundell
Extra Defensemen
Normal : Miro Heiskanen, Noah Hanifin, Ryan McDonagh - PP : Miro Heiskanen - PK : Ryan McDonagh, Joel Hanley
Penalty Shots
Aleksander Barkov, Anton Lundell, Artturi Lehkonen, Jesperi Kotkaniemi, Noah Hanifin
Scratches
Jacob Bernard-Docker (Healthy), Connor Zary (Healthy), Eemil Viro (Healthy), Jacob Bryson (Healthy)
% Time on Ice - Boston Bruins
Lines # - Real PCT - Wanted PCT - Time Play
Normal Forward
1 - 27% - 30% - 12:54
2 - 28% - 30% - 13:18
3 - 25% - 25% - 11:45
4 - 21% - 15% - 9:49
Normal Defense
1 - 35% - 35% - 16:33
2 - 35% - 35% - 16:32
3 - 28% - 30% - 13:15
4 - 3% - 0% - 1:26
PP Forward
1 - 61% - 50% - 1:51
2 - 39% - 50% - 1:10
PP Defense
1 - 55% - 50% - 1:40
2 - 45% - 50% - 1:21
PK Forward
1 - 46% - 50% - 3:33
2 - 54% - 50% - 4:07
PK Defense
1 - 44% - 50% - 3:23
2 - 56% - 50% - 4:17
PK3 Forward
1 - 0% - 50%
2 - 0% - 50%
PK3 Defense
1 - 0% - 50%
2 - 0% - 50%
44 Forward
1 - 51% - 50% - 0:47
2 - 49% - 50% - 0:46
44 Defense
1 - 62% - 50% - 0:58
2 - 38% - 50% - 0:35
Last Minute Offensive - 0:00
Last Minute Defensive - 0:00
Total
Forward - 60:00
Defense - 60:00
|
% Time on Ice - Vancouver Canucks
Lines # - Real PCT - Wanted PCT - Time Play
Normal Forward
1 - 34% - 37% - 16:01
2 - 26% - 28% - 12:11
3 - 23% - 21% - 11:10
4 - 18% - 14% - 8:24
Normal Defense
1 - 29% - 30% - 13:51
2 - 31% - 30% - 14:56
3 - 28% - 25% - 13:13
4 - 12% - 15% - 5:46
PP Forward
1 - 44% - 50% - 3:23
2 - 56% - 50% - 4:17
PP Defense
1 - 59% - 50% - 4:33
2 - 41% - 50% - 3:07
PK Forward
1 - 51% - 50% - 1:32
2 - 49% - 50% - 1:29
PK Defense
1 - 48% - 50% - 1:27
2 - 52% - 50% - 1:34
PK3 Forward
1 - 0% - 50%
2 - 0% - 50%
PK3 Defense
1 - 0% - 50%
2 - 0% - 50%
44 Forward
1 - 59% - 50% - 0:55
2 - 41% - 50% - 0:38
44 Defense
1 - 40% - 50% - 0:37
2 - 60% - 50% - 0:56
Last Minute Offensive - 0:00
Last Minute Defensive - 0:00
Total
Forward - 60:00
Defense - 60:00
|
Play-by-Play
1st period
0:01 of 1st period - Aleksander Barkov wins face-off versus Jaden Schwartz in neutral zone.
0:04 of 1st period - Jaden Schwartz is hit by Aleksander Barkov and loses puck.
0:21 of 1st period - Miro Heiskanen is hit by Ty Emberson.
0:41 of 1st period - Snap shot by Artturi Lehkonen.
0:41 of 1st period - Stopped by Leevi Merilainen without a rebound.
0:42 of 1st period - Anton Lundell wins face-off versus Joel Farabee in Boston Bruins zone.
0:51 of 1st period - Ryan McDonagh is hit by Jani Nyman and loses puck.
0:58 of 1st period - Wrist shot by Jani Nyman.
0:58 of 1st period - Shot Misses the Net.
1:17 of 1st period - Wrist shot by Anton Lundell.
1:17 of 1st period - Shot Blocked by Rasmus Sandin.
1:19 of 1st period - Slapshot by Noah Hanifin.
1:19 of 1st period - Stopped by Leevi Merilainen without a rebound.
1:20 of 1st period - Casey Mittelstadt wins face-off versus Sam Colangelo in Boston Bruins zone.
1:25 of 1st period - Wrist shot by Casey Mittelstadt.
1:25 of 1st period - Stopped by Leevi Merilainen with a rebound.
3:18 of 1st period - Wrist shot by Artturi Lehkonen.
3:18 of 1st period - Shot Misses the Net.
3:41 of 1st period - Snap shot by Clayton Keller.
3:41 of 1st period - Stopped by Leevi Merilainen with a rebound.
3:43 of 1st period - Slapshot by Emil Martinsen Lilleberg.
3:43 of 1st period - Shot Blocked by Alex Laferriere.
3:55 of 1st period - Snap shot by Casey Mittelstadt.
3:55 of 1st period - Shot Misses the Net.
3:57 of 1st period - Wrist shot by Noah Hanifin.
3:57 of 1st period - Stopped by Leevi Merilainen without a rebound.
3:58 of 1st period - Casey Mittelstadt wins face-off versus Mark Kastelic in Boston Bruins zone.
4:03 of 1st period - Backhand shot by Matias Maccelli.
4:03 of 1st period - Stopped by Leevi Merilainen with a rebound.
4:22 of 1st period - Urho Vaakanainen is hit by Brett Leason and loses puck.
5:15 of 1st period - Snap shot by Casey Mittelstadt.
5:15 of 1st period - Shot Misses the Net.
5:17 of 1st period - Slapshot by Miro Heiskanen.
5:17 of 1st period - Stopped by Leevi Merilainen without a rebound.
5:18 of 1st period - Aleksander Barkov wins face-off versus Joel Farabee in Boston Bruins zone.
6:16 of 1st period - Snap shot by Artturi Lehkonen.
6:16 of 1st period - Shot Misses the Net.
6:18 of 1st period - Snap shot by Ty Dellandrea.
6:18 of 1st period - Deflect By Taylor Raddysh.
6:18 of 1st period - Shot Misses the Net.
6:18 of 1st period - Puck is out of play.
6:19 of 1st period - Joel Farabee wins face-off versus Aleksander Barkov in Boston Bruins zone.
6:46 of 1st period - Snap shot by Bobby McMann.
6:46 of 1st period - Shot Misses the Net.
7:04 of 1st period - Snap shot by Viktor Arvidsson.
7:04 of 1st period - Stopped by Justus Annunen with a rebound.
7:06 of 1st period - Slapshot by Samuel Girard.
7:06 of 1st period - Stopped by Justus Annunen with a rebound.
7:20 of 1st period - Snap shot by Jani Nyman.
7:20 of 1st period - Deflect By Jesperi Kotkaniemi.
7:20 of 1st period - Shot Misses the Net.
7:20 of 1st period - Puck is out of play.
7:21 of 1st period - Aleksander Barkov wins face-off versus Jaden Schwartz in Vancouver Canucks zone.
7:52 of 1st period - Beck Malenstyn is hit by Artturi Lehkonen and loses puck.
7:57 of 1st period - Wrist shot by Artturi Lehkonen.
7:57 of 1st period - Shot Blocked by Beck Malenstyn.
8:29 of 1st period - Jaden Schwartz is hit by Ryan McDonagh and loses puck.
8:50 of 1st period - Anton Lundell is hit by Sam Colangelo and loses puck.
10:10 of 1st period - Wrist shot by Sean Couturier.
10:10 of 1st period - Stopped by Leevi Merilainen with a rebound.
10:52 of 1st period - Wrist shot by Anton Lundell.
10:52 of 1st period - Shot Misses the Net.
11:08 of 1st period - Slapshot by Jani Nyman.
11:08 of 1st period - Stopped by Justus Annunen without a rebound.
11:09 of 1st period - Mark Kastelic wins face-off versus Aleksander Barkov in Vancouver Canucks zone.
11:12 of 1st period - Backhand shot by Mark Kastelic.
11:12 of 1st period - Stopped by Justus Annunen with a rebound.
11:22 of 1st period - Wrist shot by Clayton Keller.
11:22 of 1st period - Goal by Clayton Keller - Boston Bruins : 0 - Vancouver Canucks : 1.
11:23 of 1st period - Mark Kastelic wins face-off versus Aleksander Barkov in neutral zone.
11:25 of 1st period - Minor Penalty to Mark Kastelic for Holding.
11:26 of 1st period - Jaden Schwartz wins face-off versus Aleksander Barkov in Boston Bruins zone.
13:25 of 1st period - Penalty to Mark Kastelic is over, Mark Kastelic is back on ice.
13:55 of 1st period - Icing by Joel Hanley.
13:56 of 1st period - Matias Maccelli wins face-off versus Joel Farabee in Vancouver Canucks zone.
13:56 of 1st period - Matias Maccelli is hit by Jani Nyman.
14:22 of 1st period - Snap shot by Sean Couturier.
14:22 of 1st period - Stopped by Leevi Merilainen with a rebound.
14:24 of 1st period - Wrist shot by Ty Dellandrea.
14:24 of 1st period - Shot Misses the Net.
15:02 of 1st period - Beck Malenstyn is hit by Anton Lundell and loses puck.
16:27 of 1st period - Wrist shot by Matias Maccelli.
16:27 of 1st period - Stopped by Leevi Merilainen without a rebound.
16:28 of 1st period - Casey Mittelstadt wins face-off versus Mark Kastelic in Boston Bruins zone.
16:29 of 1st period - Slapshot by Brett Leason.
16:29 of 1st period - Shot Misses the Net.
16:41 of 1st period - Wrist shot by Vladimir Tarasenko.
16:41 of 1st period - Shot Blocked by Brett Leason.
16:51 of 1st period - Alex Laferriere is hit by Clayton Keller and loses puck.
17:12 of 1st period - Wrist shot by Viktor Arvidsson.
17:12 of 1st period - Shot Blocked by Emil Martinsen Lilleberg.
17:20 of 1st period - Wrist shot by Sean Couturier.
17:20 of 1st period - Shot Misses the Net.
17:34 of 1st period - Slapshot by Sam Colangelo.
17:34 of 1st period - Shot Misses the Net.
17:36 of 1st period - Slapshot by John Marino.
17:36 of 1st period - Stopped by Justus Annunen without a rebound.
17:37 of 1st period - Beck Malenstyn wins face-off versus Clayton Keller in Vancouver Canucks zone.
17:40 of 1st period - Wrist shot by Sam Colangelo.
17:40 of 1st period - Stopped by Justus Annunen with a rebound.
18:06 of 1st period - Slapshot by Artturi Lehkonen.
18:06 of 1st period - Shot Misses the Net.
18:08 of 1st period - Slapshot by Ryan McDonagh.
18:08 of 1st period - Stopped by Leevi Merilainen without a rebound.
18:09 of 1st period - Mark Kastelic wins face-off versus Sean Couturier in Boston Bruins zone.
18:14 of 1st period - Backhand shot by Maxim Tsyplakov.
18:14 of 1st period - Shot Misses the Net.
18:22 of 1st period - Wrist shot by Vladimir Tarasenko.
18:22 of 1st period - Shot Misses the Net.
18:24 of 1st period - Wrist shot by Vladimir Tarasenko.
18:24 of 1st period - Shot Misses the Net.
18:26 of 1st period - Slapshot by Urho Vaakanainen.
18:26 of 1st period - Stopped by Justus Annunen without a rebound.
18:27 of 1st period - Aleksander Barkov wins face-off versus Jaden Schwartz in Vancouver Canucks zone.
18:40 of 1st period - Snap shot by Mikko Rantanen.
18:40 of 1st period - Shot Misses the Net.
18:43 of 1st period - Icing by Ryan Strome.
18:44 of 1st period - Sean Couturier wins face-off versus Jaden Schwartz in Boston Bruins zone.
18:47 of 1st period - Wrist shot by Artturi Lehkonen.
18:47 of 1st period - Shot Misses the Net.
18:49 of 1st period - Slapshot by Noah Hanifin.
18:49 of 1st period - Stopped by Leevi Merilainen with a rebound.
18:51 of 1st period - Snap shot by Miro Heiskanen.
18:51 of 1st period - Shot Blocked by Samuel Girard.
19:09 of 1st period - Vladimir Tarasenko is hit by Mikko Rantanen and loses puck.
Goals for this period are 0 for Boston Bruins vs 1 for Vancouver Canucks.
Shots for this period are 7 for Boston Bruins vs 13 for Vancouver Canucks.
2nd period
0:01 of 2nd period - Jaden Schwartz wins face-off versus Aleksander Barkov in neutral zone.
0:55 of 2nd period - Wrist shot by Aleksander Barkov.
0:55 of 2nd period - Shot Misses the Net.
0:57 of 2nd period - Snap shot by Aleksander Barkov.
0:57 of 2nd period - Shot Misses the Net.
0:59 of 2nd period - Snap shot by Miro Heiskanen.
0:59 of 2nd period - Stopped by Leevi Merilainen with a rebound.
1:01 of 2nd period - Slapshot by Miro Heiskanen.
1:01 of 2nd period - Stopped by Leevi Merilainen without a rebound.
1:02 of 2nd period - Mark Kastelic wins face-off versus Ty Dellandrea in Boston Bruins zone.
1:11 of 2nd period - Wrist shot by Vladimir Tarasenko.
1:11 of 2nd period - Stopped by Justus Annunen with a rebound.
1:13 of 2nd period - Slapshot by Ty Emberson.
1:13 of 2nd period - Shot Misses the Net.
1:17 of 2nd period - Wrist shot by Maxim Tsyplakov.
1:17 of 2nd period - Stopped by Justus Annunen with a rebound.
1:23 of 2nd period - Minor Penalty to Emil Martinsen Lilleberg for Hooking.
1:24 of 2nd period - Jaden Schwartz wins face-off versus Anton Lundell in Vancouver Canucks zone.
1:29 of 2nd period - Snap shot by Alex Laferriere.
1:29 of 2nd period - Stopped by Justus Annunen with a rebound.
1:59 of 2nd period - Slapshot by Maxim Tsyplakov.
1:59 of 2nd period - Goal by Maxim Tsyplakov - Boston Bruins : 1 - Vancouver Canucks : 1.
2:00 of 2nd period - Jaden Schwartz wins face-off versus Aleksander Barkov in neutral zone.
2:05 of 2nd period - Wrist shot by Alex Laferriere.
2:05 of 2nd period - Stopped by Justus Annunen without a rebound.
2:06 of 2nd period - Aleksander Barkov wins face-off versus Jaden Schwartz in Vancouver Canucks zone.
2:08 of 2nd period - Icing by Clayton Keller.
2:09 of 2nd period - Jaden Schwartz wins face-off versus Aleksander Barkov in Vancouver Canucks zone.
2:18 of 2nd period - Snap shot by Jaden Schwartz.
2:18 of 2nd period - Stopped by Justus Annunen with a rebound.
2:20 of 2nd period - Wrist shot by Alex Laferriere.
2:20 of 2nd period - Shot Blocked by Noah Hanifin.
2:22 of 2nd period - Wrist shot by Ryan Strome.
2:22 of 2nd period - Stopped by Justus Annunen without a rebound.
2:23 of 2nd period - Mark Kastelic wins face-off versus Aleksander Barkov in Vancouver Canucks zone.
2:34 of 2nd period - Snap shot by Vladimir Tarasenko.
2:34 of 2nd period - Shot Misses the Net.
2:56 of 2nd period - Snap shot by Artturi Lehkonen.
2:56 of 2nd period - Deflect By Sean Couturier.
2:56 of 2nd period - Stopped by Leevi Merilainen without a rebound.
2:57 of 2nd period - Mark Kastelic wins face-off versus Bobby McMann in Boston Bruins zone.
3:22 of 2nd period - Alex Laferriere is hit by Aleksander Barkov.
3:26 of 2nd period - Wrist shot by Jaden Schwartz.
3:26 of 2nd period - Shot Misses the Net.
3:28 of 2nd period - Slapshot by Urho Vaakanainen.
3:28 of 2nd period - Shot Blocked by Aleksander Barkov.
3:30 of 2nd period - Slapshot by Urho Vaakanainen.
3:30 of 2nd period - Stopped by Justus Annunen with a rebound.
3:47 of 2nd period - Off-side.
3:48 of 2nd period - Sean Couturier wins face-off versus Mark Kastelic in neutral zone.
3:50 of 2nd period - Off-side.
3:51 of 2nd period - Mark Kastelic wins face-off versus Aleksander Barkov in neutral zone.
3:54 of 2nd period - Wrist shot by Vladimir Tarasenko.
3:54 of 2nd period - Stopped by Justus Annunen with a rebound.
4:40 of 2nd period - Slapshot by Miro Heiskanen.
4:40 of 2nd period - Deflect By Bobby McMann.
4:40 of 2nd period - Stopped by Leevi Merilainen with a rebound.
4:42 of 2nd period - Slapshot by Noah Hanifin.
4:42 of 2nd period - Stopped by Leevi Merilainen with a rebound.
4:44 of 2nd period - Slapshot by Miro Heiskanen.
4:44 of 2nd period - Shot Blocked by Ty Emberson.
5:11 of 2nd period - Wrist shot by Taylor Raddysh.
5:11 of 2nd period - Stopped by Justus Annunen without a rebound.
5:12 of 2nd period - Maxim Tsyplakov wins face-off versus Aleksander Barkov in Vancouver Canucks zone.
5:23 of 2nd period - Snap shot by Mikko Rantanen.
5:23 of 2nd period - Shot Misses the Net.
5:25 of 2nd period - Slapshot by Emil Martinsen Lilleberg.
5:25 of 2nd period - Stopped by Leevi Merilainen without a rebound.
5:26 of 2nd period - Aleksander Barkov wins face-off versus Jaden Schwartz in Boston Bruins zone.
5:27 of 2nd period - Snap shot by Clayton Keller.
5:27 of 2nd period - Stopped by Leevi Merilainen with a rebound.
5:41 of 2nd period - Clayton Keller is hit by Samuel Girard and loses puck.
8:20 of 2nd period - Matias Maccelli is hit by Samuel Girard and loses puck.
8:43 of 2nd period - Ty Dellandrea is hit by Maxim Tsyplakov and loses puck.
9:12 of 2nd period - Minor Penalty to Ryan Strome for Interference.
9:13 of 2nd period - Casey Mittelstadt wins face-off versus Jaden Schwartz in Boston Bruins zone.
10:09 of 2nd period - Miro Heiskanen is hit by Alex Laferriere.
11:12 of 2nd period - Penalty to Ryan Strome is over, Ryan Strome is back on ice.
11:23 of 2nd period - Sam Colangelo is hit by Bobby McMann and loses puck.
12:25 of 2nd period - Brett Leason is hit by Alex Laferriere and loses puck.
12:36 of 2nd period - John Marino is hit by Jesperi Kotkaniemi and loses puck.
12:47 of 2nd period - Snap shot by Mikko Rantanen.
12:47 of 2nd period - Stopped by Leevi Merilainen without a rebound.
12:48 of 2nd period - Aleksander Barkov wins face-off versus Joel Farabee in Boston Bruins zone.
13:18 of 2nd period - Ryan Strome is hit by Jake Bean and loses puck.
13:29 of 2nd period - Ryan McDonagh is hit by Vladimir Tarasenko and loses puck.
13:38 of 2nd period - Wrist shot by Maxim Tsyplakov.
13:38 of 2nd period - Shot Blocked by Jake Bean.
13:47 of 2nd period - Icing by Jake Bean.
13:48 of 2nd period - Ty Dellandrea wins face-off versus Beck Malenstyn in Vancouver Canucks zone.
13:48 of 2nd period - Ty Dellandrea is hit by Sam Colangelo.
14:13 of 2nd period - Alex Laferriere is hit by Anton Lundell and loses puck.
14:22 of 2nd period - Snap shot by Bobby McMann.
14:22 of 2nd period - Stopped by Leevi Merilainen without a rebound.
14:23 of 2nd period - Sean Couturier wins face-off versus Mark Kastelic in Boston Bruins zone.
14:59 of 2nd period - Snap shot by Clayton Keller.
14:59 of 2nd period - Shot Blocked by Victor Mancini.
15:01 of 2nd period - Slapshot by Miro Heiskanen.
15:01 of 2nd period - Stopped by Leevi Merilainen with a rebound.
15:39 of 2nd period - Urho Vaakanainen is hit by Brett Leason and loses puck.
15:55 of 2nd period - Urho Vaakanainen is hit by Ty Dellandrea and loses puck.
17:00 of 2nd period - Wrist shot by Sam Colangelo.
17:00 of 2nd period - Deflect By Miro Heiskanen.
17:00 of 2nd period - Shot Misses the Net.
17:00 of 2nd period - Puck is out of play.
17:01 of 2nd period - Aleksander Barkov wins face-off versus Vladimir Tarasenko in Vancouver Canucks zone.
17:52 of 2nd period - Wrist shot by Maxim Tsyplakov.
17:52 of 2nd period - Shot Misses the Net.
18:02 of 2nd period - Slapshot by Ty Dellandrea.
18:02 of 2nd period - Shot Misses the Net.
18:20 of 2nd period - Slapshot by Jani Nyman.
18:20 of 2nd period - Shot Misses the Net.
18:22 of 2nd period - Wrist shot by Ty Emberson.
18:22 of 2nd period - Shot Blocked by Jake Bean.
18:24 of 2nd period - Wrist shot by Viktor Arvidsson.
18:24 of 2nd period - Stopped by Justus Annunen with a rebound.
18:36 of 2nd period - Snap shot by Taylor Raddysh.
18:36 of 2nd period - Shot Blocked by Jake Bean.
18:38 of 2nd period - Snap shot by Beck Malenstyn.
18:38 of 2nd period - Stopped by Justus Annunen with a rebound.
18:40 of 2nd period - Wrist shot by Sam Colangelo.
18:40 of 2nd period - Shot Blocked by Jake Bean.
18:42 of 2nd period - Slapshot by John Marino.
18:42 of 2nd period - Stopped by Justus Annunen with a rebound.
18:44 of 2nd period - Slapshot by Rasmus Sandin.
18:44 of 2nd period - Shot Blocked by Bobby McMann.
19:32 of 2nd period - Minor Penalty to Joel Farabee for Diving.
19:33 of 2nd period - Casey Mittelstadt wins face-off versus Jaden Schwartz in Boston Bruins zone.
Goals for this period are 1 for Boston Bruins vs 0 for Vancouver Canucks.
Shots for this period are 13 for Boston Bruins vs 10 for Vancouver Canucks.
3rd period
0:01 of 3rd period - Aleksander Barkov wins face-off versus Jaden Schwartz in neutral zone.
1:32 of 3rd period - Penalty to Joel Farabee is over, Joel Farabee is back on ice.
1:47 of 3rd period - Wrist shot by Taylor Raddysh.
1:47 of 3rd period - Shot Misses the Net.
2:19 of 3rd period - Snap shot by Jani Nyman.
2:19 of 3rd period - Deflect By Sean Couturier.
2:19 of 3rd period - Stopped by Justus Annunen with a rebound.
2:21 of 3rd period - Slapshot by Urho Vaakanainen.
2:21 of 3rd period - Shot Misses the Net.
2:23 of 3rd period - Snap shot by Joel Farabee.
2:23 of 3rd period - Shot Misses the Net.
2:25 of 3rd period - Slapshot by Victor Mancini.
2:25 of 3rd period - Stopped by Justus Annunen without a rebound.
2:26 of 3rd period - Jaden Schwartz wins face-off versus Anton Lundell in Vancouver Canucks zone.
2:27 of 3rd period - Backhand shot by Alex Laferriere.
2:27 of 3rd period - Shot Misses the Net.
2:34 of 3rd period - Off-side.
2:35 of 3rd period - Anton Lundell wins face-off versus Jaden Schwartz in neutral zone.
2:38 of 3rd period - Backhand shot by Bobby McMann.
2:38 of 3rd period - Shot Blocked by John Marino.
2:40 of 3rd period - Wrist shot by Jesperi Kotkaniemi.
2:40 of 3rd period - Stopped by Leevi Merilainen with a rebound.
2:42 of 3rd period - Backhand shot by Jesperi Kotkaniemi.
2:42 of 3rd period - Stopped by Leevi Merilainen with a rebound.
2:46 of 3rd period - Slapshot by Anton Lundell.
2:46 of 3rd period - Stopped by Leevi Merilainen without a rebound.
2:47 of 3rd period - Aleksander Barkov wins face-off versus Mark Kastelic in Boston Bruins zone.
2:50 of 3rd period - Snap shot by Mikko Rantanen.
2:50 of 3rd period - Shot Hit the Post.
3:10 of 3rd period - Minor Penalty to Maxim Tsyplakov for Tripping.
3:11 of 3rd period - Aleksander Barkov wins face-off versus Jaden Schwartz in Boston Bruins zone.
3:36 of 3rd period - Minor Penalty to Ryan McDonagh for Holding.
3:37 of 3rd period - Aleksander Barkov wins face-off versus Jaden Schwartz in Vancouver Canucks zone.
4:04 of 3rd period - Clayton Keller is hit by Ty Emberson and loses puck.
4:13 of 3rd period - Wrist shot by Ryan Strome.
4:13 of 3rd period - Stopped by Justus Annunen without a rebound.
4:14 of 3rd period - Aleksander Barkov wins face-off versus Ryan Strome in Vancouver Canucks zone.
5:01 of 3rd period - Samuel Girard is hit by Joel Hanley and loses puck.
5:10 of 3rd period - Penalty to Maxim Tsyplakov is over, Maxim Tsyplakov is back on ice.
5:20 of 3rd period - Snap shot by Jaden Schwartz.
5:20 of 3rd period - Shot Blocked by Brett Leason.
5:26 of 3rd period - Snap shot by Maxim Tsyplakov.
5:26 of 3rd period - Deflect By Jaden Schwartz.
5:26 of 3rd period - Deflect By Brett Leason.
5:26 of 3rd period - Shot Blocked by Noah Hanifin.
5:26 of 3rd period - Puck is out of play.
5:27 of 3rd period - Aleksander Barkov wins face-off versus Jani Nyman in Vancouver Canucks zone.
5:36 of 3rd period - Penalty to Ryan McDonagh is over, Ryan McDonagh is back on ice.
5:59 of 3rd period - Ty Dellandrea is hit by Sam Colangelo.
6:35 of 3rd period - Wrist shot by Taylor Raddysh.
6:35 of 3rd period - Shot Blocked by Jake Bean.
6:37 of 3rd period - Slapshot by Taylor Raddysh.
6:37 of 3rd period - Shot Misses the Net.
6:39 of 3rd period - Snap shot by Sam Colangelo.
6:39 of 3rd period - Shot Blocked by Jake Bean.
6:41 of 3rd period - Slapshot by John Marino.
6:41 of 3rd period - Goal by John Marino - Boston Bruins : 2 - Vancouver Canucks : 1.
6:42 of 3rd period - Jaden Schwartz wins face-off versus Aleksander Barkov in neutral zone.
6:45 of 3rd period - Slapshot by Samuel Girard.
6:45 of 3rd period - Stopped by Justus Annunen with a rebound.
6:47 of 3rd period - Snap shot by Ty Emberson.
6:47 of 3rd period - Shot Blocked by Noah Hanifin.
6:49 of 3rd period - Slapshot by Ty Emberson.
6:49 of 3rd period - Shot Blocked by Noah Hanifin.
6:51 of 3rd period - Slapshot by Samuel Girard.
6:51 of 3rd period - Deflect By Mikko Rantanen.
6:51 of 3rd period - Stopped by Justus Annunen with a rebound.
7:07 of 3rd period - Samuel Girard is hit by Artturi Lehkonen and loses puck.
7:39 of 3rd period - Snap shot by Casey Mittelstadt.
7:39 of 3rd period - Goal by Casey Mittelstadt - Boston Bruins : 2 - Vancouver Canucks : 2.
7:40 of 3rd period - Clayton Keller wins face-off versus Jaden Schwartz in neutral zone.
7:51 of 3rd period - Snap shot by Clayton Keller.
7:51 of 3rd period - Deflect By Mikko Rantanen.
7:51 of 3rd period - Shot Misses the Net.
7:51 of 3rd period - Puck is out of play.
7:52 of 3rd period - Aleksander Barkov wins face-off versus Jaden Schwartz in Boston Bruins zone.
7:55 of 3rd period - Wrist shot by Mikko Rantanen.
7:55 of 3rd period - Stopped by Leevi Merilainen without a rebound.
7:56 of 3rd period - Jaden Schwartz wins face-off versus Clayton Keller in Boston Bruins zone.
8:05 of 3rd period - Wrist shot by Jaden Schwartz.
8:05 of 3rd period - Stopped by Justus Annunen with a rebound.
8:54 of 3rd period - Slapshot by Miro Heiskanen.
8:54 of 3rd period - Stopped by Leevi Merilainen without a rebound.
8:55 of 3rd period - Ty Dellandrea wins face-off versus Mark Kastelic in Boston Bruins zone.
9:16 of 3rd period - Minor Penalty to Sean Couturier for Holding.
9:17 of 3rd period - Aleksander Barkov wins face-off versus Jani Nyman in Vancouver Canucks zone.
9:28 of 3rd period - Snap shot by Rasmus Sandin.
9:28 of 3rd period - Stopped by Justus Annunen with a rebound.
9:42 of 3rd period - Rasmus Sandin is hit by Aleksander Barkov and loses puck.
10:25 of 3rd period - Slapshot by Jani Nyman.
10:25 of 3rd period - Stopped by Justus Annunen with a rebound.
11:09 of 3rd period - Ty Emberson is hit by Joel Hanley and loses puck.
11:14 of 3rd period - Snap shot by Casey Mittelstadt.
11:14 of 3rd period - Shot Misses the Net.
11:16 of 3rd period - Penalty to Sean Couturier is over, Sean Couturier is back on ice.
11:34 of 3rd period - Taylor Raddysh is hit by Ryan McDonagh and loses puck.
11:45 of 3rd period - Noah Hanifin is hit by Jani Nyman and loses puck.
12:12 of 3rd period - Brett Leason is hit by Taylor Raddysh and loses puck.
12:23 of 3rd period - Anton Lundell is hit by Mark Kastelic and loses puck.
12:59 of 3rd period - Noah Hanifin is hit by Taylor Raddysh and loses puck.
14:14 of 3rd period - Wrist shot by Matias Maccelli.
14:14 of 3rd period - Shot Misses the Net.
15:12 of 3rd period - Snap shot by Mark Kastelic.
15:12 of 3rd period - Deflect By Miro Heiskanen.
15:12 of 3rd period - Shot Misses the Net.
15:12 of 3rd period - Puck is out of play.
15:13 of 3rd period - Casey Mittelstadt wins face-off versus Mark Kastelic in Vancouver Canucks zone.
15:40 of 3rd period - Slapshot by Jaden Schwartz.
15:40 of 3rd period - Stopped by Justus Annunen without a rebound.
15:41 of 3rd period - Aleksander Barkov wins face-off versus Jaden Schwartz in Vancouver Canucks zone.
16:26 of 3rd period - Wrist shot by Maxim Tsyplakov.
16:26 of 3rd period - Shot Blocked by Artturi Lehkonen.
16:28 of 3rd period - Snap shot by Mark Kastelic.
16:28 of 3rd period - Shot Blocked by Joel Hanley.
16:30 of 3rd period - Snap shot by Mark Kastelic.
16:30 of 3rd period - Shot Blocked by Joel Hanley.
16:34 of 3rd period - Snap shot by Maxim Tsyplakov.
16:34 of 3rd period - Deflect By Vladimir Tarasenko.
16:34 of 3rd period - Shot Misses the Net.
16:34 of 3rd period - Puck is out of play.
16:35 of 3rd period - Aleksander Barkov wins face-off versus Joel Farabee in Vancouver Canucks zone.
16:46 of 3rd period - Wrist shot by Miro Heiskanen.
16:46 of 3rd period - Shot Blocked by Samuel Girard.
16:48 of 3rd period - Snap shot by Mikko Rantanen.
16:48 of 3rd period - Stopped by Leevi Merilainen with a rebound.
16:50 of 3rd period - Wrist shot by Aleksander Barkov.
16:50 of 3rd period - Shot Misses the Net.
17:04 of 3rd period - Slapshot by Miro Heiskanen.
17:04 of 3rd period - Stopped by Leevi Merilainen with a rebound.
17:06 of 3rd period - Snap shot by Jesperi Kotkaniemi.
17:06 of 3rd period - Stopped by Leevi Merilainen with a rebound.
17:08 of 3rd period - Slapshot by Jesperi Kotkaniemi.
17:08 of 3rd period - Deflect By Alex Laferriere.
17:08 of 3rd period - Goal by Jesperi Kotkaniemi - Boston Bruins : 2 - Vancouver Canucks : 3.
17:09 of 3rd period - Anton Lundell wins face-off versus Joel Farabee in neutral zone.
17:50 of 3rd period - Wrist shot by Viktor Arvidsson.
17:50 of 3rd period - Shot Blocked by Noah Hanifin.
17:52 of 3rd period - Snap shot by Joel Farabee.
17:52 of 3rd period - Stopped by Justus Annunen with a rebound.
17:54 of 3rd period - Slapshot by Rasmus Sandin.
17:54 of 3rd period - Shot Misses the Net.
17:56 of 3rd period - Slapshot by Joel Farabee.
17:56 of 3rd period - Shot Blocked by Noah Hanifin.
17:58 of 3rd period - Snap shot by Jani Nyman.
17:58 of 3rd period - Shot Blocked by Jesperi Kotkaniemi.
18:00 of 3rd period - Slapshot by Jani Nyman.
18:00 of 3rd period - Stopped by Justus Annunen without a rebound.
18:01 of 3rd period - Mikko Rantanen wins face-off versus Jaden Schwartz in Vancouver Canucks zone.
18:01 of 3rd period - Mikko Rantanen is hit by Jaden Schwartz.
18:42 of 3rd period - Minor Penalty to Mark Kastelic for Tripping.
18:43 of 3rd period - Casey Mittelstadt wins face-off versus Jaden Schwartz in Boston Bruins zone.
18:46 of 3rd period - Slapshot by Casey Mittelstadt.
18:46 of 3rd period - Stopped by Leevi Merilainen with a rebound.
18:56 of 3rd period - Ty Dellandrea is hit by Alex Laferriere and loses puck.
19:09 of 3rd period - Miro Heiskanen is hit by Ryan Strome and loses puck.
Goals for this period are 1 for Boston Bruins vs 2 for Vancouver Canucks.
Shots for this period are 12 for Boston Bruins vs 11 for Vancouver Canucks.
Back to the Top